 Dungeon Crawl Stone Soup version 0.22-a0-587-g7d32d7c (webtiles) character file.

50 sking99 the Ruffian (level 3, -6/28 HPs)
             Began as a Draconian Transmuter on July 4, 2018.
             Was an Initiate of Elyvilon.
             Mangled by a kobold
             ... wielding a +4 whip of distortion
              (10 damage)
             ... while paralysed by Grinder
             ... on level 3 of the Dungeon.
             The game lasted 00:03:31 (1593 turns).

sking99 the Ruffian (Draconian Transmuter)          Turns: 1593, Time: 00:03:32

Health: -6/28      AC:  7    Str: 12    XL:     3   Next: 55%
Magic:  6/6        EV:  2    Int: 14    God:    Elyvilon [......]
Gold:   104        SH:  0    Dex: 11    Spells: 5/6 levels left

rFire    . . .     SeeInvis .     - Unarmed
rCold    . . .     Gourm    .   (no shield)
rNeg     . . .     Faith    .   (armour unavailable)
rPois    .         Spirit   .   (helmet restricted)
rElec    .         Reflect  .   h - +1 cloak
rCorr    .         Harm     .   (no gloves)
MR       .....                  (no boots)
Stlth    +.........             (no amulet)
HPRegen  0.09/turn              (no ring)
MPRegen  0.10/turn              (no ring)

@: paralysed, about to teleport
A: unfitting armour, cold-blooded, AC +5
a: Renounce Religion


You were on level 3 of the Dungeon.
You worshipped Elyvilon.
Elyvilon was noncommittal.
You were not hungry.

You visited 1 branch of the dungeon, and saw 3 of its levels.

You collected 104 gold pieces.

Inventory:

Missiles
 a - 12 arrows
Armour
 h - a +1 cloak (worn)
Jewellery
 e - an uncursed ring of ice {unknown}
 j - an uncursed ring of poison resistance {unknown}
Scrolls
 d - a scroll of enchant weapon {unknown}
 k - a scroll of random uselessness {unknown}
 m - 6 scrolls of identify {unknown}
 o - a scroll of teleportation {unknown}
Potions
 b - a potion of mutation {unknown}
 g - a potion of brilliance {unknown}
 i - a potion of haste {unknown}
 l - a potion of curing {unknown}
 n - a potion of flight {unknown}
 p - a potion of degeneration {unknown}
 q - 2 potions of might {unknown}
Comestibles
 c - 3 rations
 f - 3 chunks of flesh


   Skills:
 - Level 1.1 Fighting
 - Level 1.7 Dodging
 + Level 4.6 Unarmed Combat
 - Level 2.0 Spellcasting
 - Level 2.0 Transmutations


You had 5 spell levels left.
You knew the following spells:

 Your Spells              Type           Power        Failure   Level  Hunger
a - Beastly Appendage     Tmut           #.....       11%         1    ##.....

Your spell library contained the following spells:

 Spells                   Type           Power        Failure   Level  Hunger
 Spider Form              Tmut/Pois      #.........   43%         3    ####...
 Blade Hands              Tmut           #.........   96%         5    ######.
 Ice Form                 Ice/Tmut       #.......     83%         4    #####..
 Sticks to Snakes         Tmut           #.......     16%         2    ###....


Dungeon Overview and Level Annotations

Branches:
Dungeon (3/15)

Altars:
Elyvilon

Annotations:
D:3 Grinder


Innate Abilities, Weirdness & Mutations

Your plain brown scales are hard. (AC +5)
You cannot fit into any form of body armour.
You are cold-blooded and may be slowed by cold attacks.


Message History

Grinder is moderately wounded.
Grinder blinks!
There is a stone staircase leading up here.
There is a stone staircase leading up here.
The kobold hits you with a whip of distortion.
You feel strangely unstable. Grinder gestures at you.
Pain shoots through your body!
You closely miss the kobold.
Your tail-slap misses the kobold.
Your horns disappear.
The kobold hits you with a whip of distortion.
Space bends around you.
* * * LOW HITPOINT WARNING * * *
You closely miss the kobold. Grinder gestures at you.
You suddenly lose the ability to move!
The kobold hits you with a whip of distortion.
* * * LOW HITPOINT WARNING * * *
Space warps horribly around you!
You die...

#...............#
.................#
............[.....####
................÷))(.#
......#.........####.##
...........5.#### ##..###
............# ##.....# .
.......K<...#####.......
...####..@(..........≈≈≈..
....................≈≈≈≈≈.
.........##.........≈≈♣≈≈.
......)..##.........≈≈≈≈≈.
...########....##♣...≈≈≈..
.. #...## ♣♣....... #.).#
♣♣.....♣ #...# ♣♣...♣♣
#...# ♣♣.....♣


You could see Grinder and a kobold.

Vanquished Creatures
  An adder (D:2)
  An ooze (D:2)
  A leopard gecko (D:2)
  3 giant cockroaches
  3 goblins (D:1)
  4 hobgoblins
  7 jackals
  6 bats
  A frilled lizard (D:2)
  2 kobolds
  3 rats
32 creatures vanquished.

Notes
Turn   | Place    | Note
-------+----------+-------------------------------------------
     0 | D:1      | sking99 the Draconian Transmuter began the quest for the Orb.
     0 | D:1      | Reached XP level 1. HP: 16/16 MP: 3/3
   166 | D:1      | Reached XP level 2. HP: 17/23 MP: 5/5
   947 | D:2      | Reached skill level 4 in Unarmed Combat
   974 | D:2      | Reached XP level 3. HP: 27/28 MP: 6/6
  1311 | D:3      | Found a white marble altar of Elyvilon.
  1551 | D:3      | Became a worshipper of Elyvilon the Healer
  1569 | D:3      | Noticed Grinder
  1577 | D:3      | Paralysed by Grinder for 3 turns
  1593 | D:3      | Paralysed by Grinder for 2 turns
  1593 | D:3      | Mangled by a kobold

Vault maps used:
D:1:      onia_arrival_pentagram
D:2:      lightli_temple_of_fire, tso_metal_star
D:3:      kennysheep_big_flooded_room, first_ration, elyvilon_altar_3,
          uniq_grinder, uniq_robin

Skill      XL: |  1  2 |
---------------+-------+-----
Unarmed Combat | 4 |  4.6
Fighting       | |  1.1
Dodging        | |  1.7
Spellcasting   | |  2.0
Transmutations | |  2.0

Action                   || total
-------------------------++-------
Melee: Unarmed           ||   116
       Tailslap          ||     4
 Cast: Beastly Appendage ||     1
 Stab: Sleeping          ||     1
  Eat: Chunk             ||     2
Armor: Skin              ||    43
Dodge: Dodged            ||    80

Table legend:
 A = Spawn XP
 B = Non-spawn XP
 C = Spawn XP percentage of total XP
 D = Spawn monster count
 E = Non-spawn monster count
 F = Spawn count percentage of total count
 G = Total turns spent on level
                    A         B        C        D         E        F      G
               +---------+---------+-------+---------+---------+-------+---------
         Total |       0 |      72 |   0.0 |       0 |      32 |   0.0 |  1593
               +---------+---------+-------+---------+---------+-------+---------
           D:1 |       0 |      27 |   0.0 |       0 |      16 |   0.0 |   930
           D:2 |       0 |      30 |   0.0 |       0 |       8 |   0.0 |   366
           D:3 |       0 |      15 |   0.0 |       0 |       8 |   0.0 |   297
               +---------+---------+-------+---------+---------+-------+---------
